cohdb
Replays
Latest Replays
All Replays
Popular Replays
Top Player Replays
Match Explorer
How It Works
Community
CoH3 Stats
Reddit
Sign in to upload your games and track your stats! →
Sign in with Steam
Match 45089515
Unlisted
Match 45089515
Overview
Messages
Build Orders
End
Vickers Machine Gun Team
Selects Australian Defense Battlegroup
Selects Australian Light Infantry Section
Australian Light Infantry Section
Construct Section Command Post
Australian Light Infantry Section
Construct Field Infirmary
Australian Light Infantry Section
Selects Defensive Tactics
Construct Platoon Command Post
CMP 15cwt Truck
Australian Light Infantry Section
Infantry Training
Selects CMP 15cwt Supply Run
Selects Artillery Trip Wire Flares
diritar
lengfeng988
粉色上瘾
许聪聪
Andolas
guludu
Kanna Scarlet
收徒
0
0
Comments
sign in to comment!
No comments posted yet!